 Dungeon Crawl Stone Soup version 0.29-a0-106-g0a07039d5a (webtiles) character file.

Game seed: 7043736980378375644

73 kae the Ruffian (level 4, -1/35 HPs)
             Began as a Draconian Transmuter on Feb 16, 2022.
             Slain by Grinder (3 damage)
             ... while paralysed by Grinder
             ... on level 3 of the Dungeon.
             The game lasted 00:01:04 (2375 turns).

kae the Ruffian (Draconian Transmuter)              Turns: 2375, Time: 00:01:05

Health: -1/35      AC:  5    Str: 13    XL:     4   Next: 8%
Magic:  7/7        EV:  2    Int: 15    God:
Gold:   9          SH:  0    Dex: 11    Spells: 3/7 levels left

rFire   . . .      SeeInvis .     - Unarmed
rCold   . . .      Faith    .   (no shield)
rNeg    . . .      Spirit   .   (armour unavailable)
rPois   .          Reflect  .   (helmet currently unavailable)
rElec   .          Harm     .   (no cloak)
rCorr   .          Rampage  .   (no gloves)
Will    .....                   (boots currently unavailable)
Stlth   +.........              (no amulet)
HPRegen 0.11/turn               (no ring)
MPRegen 0.10/turn               (no ring)

@: paralysed, appendages (expiring)
A: horns 2, talons 2, AC +5, unfitting armour, cold-blooded
a: End Transformation


You were on level 3 of the Dungeon.
You had temporarily grown beastly horns and talons.
You visited 1 branch of the dungeon, and saw 3 of its levels.

You collected 100 gold pieces.
You spent 91 gold pieces at shops.

Inventory:

Scrolls
 b - a scroll of teleportation
 f - a scroll of magic mapping {unknown}
 g - a scroll of identify
Potions
 a - a potion of brilliance {unknown}
 c - a potion of might
 d - a potion of haste {unknown}
 e - a potion of flight {unknown}
 h - a potion of degeneration {unknown}
 i - 2 potions of lignification {unknown}
 k - a potion of cancellation {unknown}
 l - a potion of attraction {unknown}


   Skills:
 + Level 1.5 Fighting
 + Level 2.1 Dodging
 * Level 3.6 Unarmed Combat
 + Level 2.3 Spellcasting
 * Level 2.9 Transmutations
 * Level 0.6 Poison Magic


You had 3 spell levels left.
You knew the following spells:

 Your Spells              Type           Power      Damage    Failure   Level
a - Beastly Appendage     Tmut           20%        N/A       6%          1
b - Spider Form           Tmut/Pois      7%         N/A       30%         3

Your spell library contained the following spells:

 Spells                   Type           Power      Damage    Failure   Level
 Wereblood                Tmut           10%        N/A       10%         2
 Stone Arrow              Conj/Erth      2%         3d7       54%         3
 Tukima's Dance           Hex            1%         N/A       54%         3
 Ice Form                 Ice/Tmut       6%         N/A       75%         4
 Passage of Golubria      Tloc           1%         N/A       91%         4
 Yara's Violent Unravell  Hex/Tmut       3%         3d4       97%         5
 Lehudib's Crystal Spear  Conj/Erth      0%         10d2      100%        8
 Animate Armour           Summ/Erth      Unusable   N/A       N/A         4

Dungeon Overview and Level Annotations

Branches:
Dungeon (3/15)

Altars:

Shops:
D:3 *

Annotations:
D:3 Grinder


Innate Abilities, Weirdness & Mutations

You have temporarily grown beastly horns and talons.
Your plain brown scales are hard. (AC +5)
You cannot fit into any form of body armour.
You are cold-blooded and may be slowed by cold attacks.


Message History

It is a scroll of identify.
c - a potion of might
As you read the scroll labelled IKLAHU UVEPP, it crumbles to dust.
It is a scroll of enchant weapon.
You aren't carrying any weapons that can be enchanted.
Found a scale mail and a dagger.
Found Udwuongo's Assorted Antiques.
You see here a +0 scale mail.
Found a stone staircase leading down.
There is an entrance to Udwuongo's Assorted Antiques here.
a - a blue potion;
d - a silvery potion;
f - a scroll labelled DEANEUFOEMA Thank you for shopping at Udwuongo's Assorted Antiques!
You can access your shopping list by pressing '$'.
g - a scroll of identify You now have 9 gold pieces (gained 5).
Grinder comes into view.
Grinder is nearby!
Grinder is nearby!
Grinder is nearby!
Casting: Beastly Appendage (safe; 6% risk of failure)
Confirm with . or Enter, or press ? or * to list all spells.
You grow a pair of large bovine horns.
Your feet morph into talons.
Grinder gestures at you. You resist with significant effort.
Grinder gestures at you. Pain shoots through your body!
Found 7 gold pieces.
Grinder hits you but does no damage. Grinder hits you.
You writhe in agony.
Your transformation is almost over.
Grinder gestures at you. Pain shoots through your body!
* * * LOW HITPOINT WARNING * * *
Grinder gestures at you.
You suddenly lose the ability to move!
Grinder blinks!
Grinder hits you.
* * * LOW HITPOINT WARNING * * *
You writhe in agony.
You die...

##. ###..... #......
########## ##.#....
#......... . ......
#......... .. .....
##.<.......
...##.#.######..........
.#....#.....5@.#########
........###..###
.#......###.##
#..........#
...........########
#$:##..#..........#
.......#.#...[..###
.#.......#.#..###
......###......#######


You could see Grinder.

Vanquished Creatures
  4 adders (D:2)
  A worm (D:2)
  5 endoplasms
  A giant cockroach (D:1)
  6 jackals (D:1)
  3 ball pythons
  A bat (D:1)
  A frilled lizard (D:2)
  6 goblins
  3 kobolds (D:1)
  5 rats
36 creatures vanquished.

Notes
Turn   | Place    | Note
-------+----------+-------------------------------------------
     0 | D:1      | kae the Draconian Transmuter began the quest for the Orb.
     0 | D:1      | Reached XP level 1. HP: 16/16 MP: 3/3
   153 | D:1      | Reached XP level 2. HP: 10/23 MP: 3/5
  1550 | D:2      | Found a faded altar of an unknown god.
  1590 | D:2      | Reached XP level 3. HP: 21/28 MP: 4/6
  1600 | D:2      | Learned a level 3 spell: Spider Form
  2076 | D:2      | Reached XP level 4. HP: 35/35 MP: 5/7
  2330 | D:3      | Found Udwuongo's Assorted Antiques.
  2338 | D:3      | Bought a blue potion for 29 gold pieces
  2338 | D:3      | Bought a silvery potion for 29 gold pieces
  2338 | D:3      | Bought a scroll labelled DEANEUFOEMA for 33 gold pieces
  2362 | D:3      | Noticed Grinder
  2373 | D:3      | Paralysed by Grinder for 7 turns
  2375 | D:3      | Slain by Grinder

Illustrated notes

Levels and vault maps discovered:
D:1:      scummos_arrival_star, layout_basic
D:2:      layout_rooms, ebering_ecumenical_altar_mist
D:3:      layout_rooms, lemuel_zombie_altar_kikubaaqudgha,
          chequers_temple_overflow_statue_of_worship, serial_shops, shop,
          nicolae_shop_waterfront, nicolae_shop_advertising_works
          [nicolae_subvault_shop_adworks], uniq_grinder, uniq_natasha

Skill      XL: |  1  2 |
---------------+-------+-----
Dodging        | 2 |  2.1
Fighting       | |  1.5
Unarmed Combat | |  3.6
Spellcasting   | |  2.3
Transmutations | |  2.9
Poison Magic   | |  0.6

Action                   |  1- 3 |  4- 6 || total
-------------------------+-------+-------++-------
Melee: Unarmed           |   108 |       ||   108
       Tailslap          |    10 |       ||    10
       Kick              |    12 |       ||    12
       Headbutt          |     6 |       ||     6
       Punch             |     2 |       ||     2
 Cast: Beastly Appendage |    18 |     2 ||    20
  Use: Scroll            |       |     6 ||     6
Armor: Skin              |    40 |     1 ||    41
Dodge: Dodged            |    84 |       ||    84

Table legend: (Time is in decaauts)
 A = Elapsed time spent in this place.
 B = Non-inter-level travel time spent in this place.
 C = Inter-level travel time spent in this place.
 D = Time resting spent in this place.
 E = Time spent auto-exploring this place.
 F = Levels seen in this place.
 G = Mean time per level.
                   A        B        C        D        E       F      G
               +--------+--------+--------+--------+--------+-----+--------+
         Total |   2368 |   2312 |     56 |    167 |   1857 |   3 |  789.3 |
       Dungeon |   2368 |   2312 |     56 |    167 |   1857 |   3 |  789.3 |
               +--------+--------+--------+--------+--------+-----+--------+

Top non-repeatable levels by time:
     D:1: 1545 daAuts
     D:2: 616 daAuts
     D:3: 206 daAuts
